 Dungeon Crawl Stone Soup version 0.25-a0-308-geac79542e2 (webtiles) character file.

Game seed: 16118688152083464611, levelgen mode: deterministic

671 TreWolfie the Bolt Thrower (level 7, -4/44 HPs)
             Began as a Kobold Hunter on Dec 22, 2019.
             Was a Believer of Elyvilon.
             Slain by a water moccasin (5 damage)
             ... on level 5 of the Dungeon.
             The game lasted 00:24:05 (4479 turns).

TreWolfie the Bolt Thrower (Kobold Hunter)          Turns: 4479, Time: 00:24:06

Health: -4/44      AC:  9    Str:  9    XL:     7   Next: 89%
Magic:  7/7        EV: 14    Int: 13    God:    Elyvilon [**....]
Gold:   230        SH:  0    Dex: 17    Spells: 6/6 levels left

rFire    . . .     SeeInvis .   b - +0 short sword
rCold    . . .     Gourm    .   (shield restricted)
rNeg     . . .     Faith    .   p - +0 ring mail
rPois    .         Spirit   .   (no helmet)
rElec    .         Reflect  .   r - +0 cloak
rCorr    .         Harm     .   q - +2 pair of gloves
MR       .....                  (no boots)
Stlth    ++........             m - amulet of the acrobat
HPRegen  0.14/turn              (no ring)
MPRegen  0.10/turn              (no ring)

@: lethally poisoned (-4 -> -6)
A: small, carnivore
a: Lesser Healing, Heal Other, Divine Protection, Renounce Religion


You were on level 5 of the Dungeon.
You worshipped Elyvilon.
Elyvilon was pleased with you.
You were not hungry.

You visited 1 branch of the dungeon, and saw 5 of its levels.

You collected 230 gold pieces.

Inventory:

Hand Weapons
 a - a +1 hand crossbow
 b - a +0 short sword (weapon)
Missiles
 d - 2 bolts
 s - 6 boomerangs (quivered)
Armour
 p - a +0 ring mail (worn)
 q - a +2 pair of gloves (worn)
 r - a +0 cloak (worn)
Jewellery
 m - an amulet of the acrobat (around neck)
Scrolls
 c - 3 scrolls of remove curse
 n - a scroll of identify
Potions
 e - a potion of cancellation {unknown}
 g - 2 potions of might
 j - a potion of degeneration {unknown}
 l - a potion of flight
 o - 2 potions of mutation
Comestibles
 f - 8 rations


   Skills:
 + Level 4.4 Fighting
 + Level 5.3 Short Blades
 + Level 6.6 Crossbows
 + Level 0.6 Throwing
 + Level 2.2 Armour
 + Level 3.7 Dodging
 + Level 2.6 Stealth
 + Level 0.1 Invocations


You had 6 spell levels left.
You didn't know any spells.
Your spell library contained the following spells:

 Spells                   Type           Power        Failure   Level  Hunger
 Confusing Touch          Hex            #.....       63%         1    ##.....
 Confuse                  Hex            #.......     94%         3    ####...
 Gell's Gravitas          Tloc           #.........   94%         3    ####...
 Petrify                  Tmut/Erth      #.......     100%        4    #####..
 Metabolic Englaciation   Hex/Ice        #.........   100%        5    ######.
 Yara's Violent Unravell  Hex/Tmut       #.........   100%        5    ######.


Dungeon Overview and Level Annotations

Branches:
Dungeon (5/15)
 Temple: D:4-7

Altars:
Elyvilon
Fedhas


Innate Abilities, Weirdness & Mutations

You are small and have problems with some larger weapons.
You are carnivorous and can eat meat at any time.


Message History

The hound bites you but does no damage. The water moccasin closely misses you.
The hound misses you.
You hit the water moccasin.
The water moccasin is heavily wounded.
You feel sick. The water moccasin bites you.
* * * LOW HITPOINT WARNING * * *
The hound completely misses you.
You hit the water moccasin.
The water moccasin is heavily wounded.
The water moccasin bites you but does no damage.
The hound closely misses you.
You hit the water moccasin.
The water moccasin is severely wounded.
The water moccasin barely misses you. The hound closely misses you.
The water moccasin bites you but does no damage.
You closely miss the water moccasin.
The water moccasin is severely wounded.
* * * LOW HITPOINT WARNING * * *
You feel sick. The hound misses you. The water moccasin bites you.
You die...

..............(..)....#
....P.PPP.............#
##..P.P.P....####....##
##.#PP_PP.#..####....##
+....PPPP.............#
#.....PP..............#
#.....................#
####'##.#............##
#....h@#............#
#....S#..............
#.....#..............
+.....##########....
#.....# #.....# #....$#
#...... ......#


You could see a water moccasin and a hound.

Vanquished Creatures
  2 ogres
  A centaur (D:4)
  A scorpion (D:4)
  3 hounds (D:4)
  An orc priest (D:4)
  A bullfrog skeleton (D:5)
  An iguana (D:4)
  2 worker ants
  2 adders
  3 gnolls (D:3)
  A shadow imp (D:4)
  An ooze (D:3)
  2 dart slugs (D:1)
  3 leopard geckos
  5 orcs
  12 giant cockroaches
  10 goblins
  6 hobgoblins
  6 jackals
  2 quokkas (D:3)
  2 ball pythons
  8 bats
  A frilled lizard (D:1)
  A jackal skeleton (D:5)
  8 kobolds
  11 rats
96 creatures vanquished.

Notes
Turn   | Place    | Note
-------+----------+-------------------------------------------
     0 | D:1      | TreWolfie the Kobold Hunter began the quest for the Orb.
     0 | D:1      | Reached XP level 1. HP: 12/12 MP: 1/1
   116 | D:1      | Reached skill level 5 in Crossbows
   153 | D:1      | Reached XP level 2. HP: 17/17 MP: 2/2
   487 | D:1      | Reached XP level 3. HP: 18/21 MP: 3/3
   890 | D:2      | Reached skill level 6 in Crossbows
  1227 | D:2      | Reached XP level 4. HP: 27/27 MP: 4/4
  1841 | D:3      | HP: 1/27 [worm (10)]
  2177 | D:3      | Reached skill level 1 in Short Blades
  2177 | D:3      | Reached XP level 5. HP: 3/31 MP: 5/5
  2547 | D:3      | Found a faded altar of an unknown god.
  2558 | D:3      | Became a worshipper of Elyvilon the Healer
  2558 | D:3      | Reached * piety under Elyvilon
  2689 | D:4      | Reached skill level 1 in Armour
  2823 | D:4      | Reached XP level 6. HP: 14/37 MP: 6/6
  3135 | D:4      | Noticed an ogre
  3165 | D:4      | Killed an ogre
  3165 | D:4      | Reached XP level 7. HP: 20/42 MP: 7/7
  3435 | D:4      | Reached ** piety under Elyvilon
  3846 | D:5      | Entered Level 5 of the Dungeon
  3846 | D:5      | Found a blossoming altar of Fedhas.
  4346 | D:4      | Reached skill level 5 in Short Blades
  4459 | D:5      | Noticed a water moccasin
  4476 | D:5      | HP: 2/44 [water moccasin (3)]
  4479 | D:5      | Slain by a water moccasin

Levels and vault maps discovered:
D:1:      lemuel_arrival_lava_pool, layout_basic
D:2:      minmay_roachtagon, layout_loops_ring
D:3:      layout_loops_ring, chequers_ecumenical_altar_simple
D:4:      layout_gridville, first_ration
D:5:      layout_gridville, serial_shops, kennysheep_mini,
          fedhas_bush_and_centaur_altar

Skill      XL: |  1  2  3  4  5  6  7 |
---------------+----------------------+-----
Crossbows      | 5 6 |  6.6
Short Blades   | 1 3 5 |  5.3
Armour         | 1 2 |  2.2
Stealth        | 2 |  2.6
Fighting       | 3 4 |  4.4
Dodging        | 3 |  3.7
Throwing       | |  0.6
Invocations    | |  0.1

Action                   |  1- 3 |  4- 6 |  7- 9 || total
-------------------------+-------+-------+-------++-------
Melee: Short sword       |       |   191 |   187 ||   378
 Fire: Hand crossbow     |    70 |    56 |       ||   126
Throw: Boomerang         |       |     6 |    10 ||    16
       Throwing net      |       |     1 |       ||     1
Invok: Lesser Healing    |       |     2 |     1 ||     3
  Use: Scroll            |       |     8 |       ||     8
       Potion            |       |     6 |     1 ||     7
 Stab: Sleeping          |       |     2 |       ||     2
  Eat: Chunk             |       |     3 |     3 ||     6
       Ration            |       |     2 |     1 ||     3
Armor: Leather armour    |     4 |    33 |       ||    37
       Ring mail         |       |    18 |    71 ||    89
Dodge: Dodged            |    19 |   142 |   175 ||   336

Table legend:
 A = Non-vault XP
 B = Vault XP
 C = Vault XP percentage of total XP
 D = Non-vault monster count
 E = Vault monster count
 F = Vault count percentage of total count
                 A         B        C        D         E       F
            +---------+---------+-------+---------+---------+-------
      Total |     835 |     124 |  12.9 |      87 |       9 |   9.4
            +---------+---------+-------+---------+---------+-------
        D:1 |      36 |       0 |   0.0 |      22 |       0 |   0.0
        D:2 |      30 |      16 |  34.8 |      11 |       8 |  42.1
        D:3 |     105 |       0 |   0.0 |      29 |       0 |   0.0
        D:4 |     467 |     108 |  18.8 |      21 |       1 |   4.5
        D:5 |     197 |       0 |   0.0 |       4 |       0 |   0.0
            +---------+---------+-------+---------+---------+-------
